 Dungeon Crawl Stone Soup version 0.32-a0-960-g3814254bd7 (webtiles) character file.

Game seed: 3745934184584847799

3584 funkygono the Thaumaturge (level 9, -1/45 HPs)
             Began as a Deep Elf Fire Elementalist on Apr 17, 2024.
             Was a Believer of Vehumet.
             Slain by a wight
             ... wielding a +0 halberd of protection
              (6 damage)
             ... on level 8 of the Dungeon.
             The game lasted 00:13:46 (8003 turns).

funkygono the Thaumaturge (DEFE)                    Turns: 8003, Time: 00:13:47

Health: -1/45      AC:  4    Str:  5    XL:     9   Next: 85%
Magic:  6/27       EV: 12    Int: 25    God:    Vehumet [**....]
Gold:   389        SH:  0    Dex: 15    Spells: 22/32 levels left

rFire   + . .        D - +3 short sword (holy)
rCold   x . .        (no shield)
rNeg    . . .        a - +0 robe
rPois   .            (no helmet)
rElec   .            (no cloak)
rCorr   +            s - +1 pair of gloves
SInv    .            (no boots)
Will    .....        (no amulet)
Stlth   ++           g - ring of fire
HPRegen 0.27/turn    y - ring of resist corrosion
MPRegen 0.20/turn

%: no passive effects
@: no status effects
A: no striking features
a: Renounce Religion


You were on level 8 of the Dungeon.
You worshipped Vehumet.
Vehumet was pleased with you.
You visited 2 branches of the dungeon, and saw 9 of its levels.
You also visited: Ossuary.

You collected 389 gold pieces.

Inventory:

Hand Weapons
 c - a +0 heavy dagger
 z - a +1 spectral dagger
 D - a +3 short sword of holy wrath (weapon)
Armour
 a - a +0 robe (worn)
 s - a +1 pair of gloves (worn)
 E - a +1 leather armour of willpower
Magical Staves
 m - a staff of conjuration
Jewellery
 d - an amulet of faith
 g - a ring of fire (left hand)
 y - a ring of resist corrosion (right hand)
Wands
 B - a wand of iceblast (8)
Scrolls
 e - a scroll of enchant armour
 f - 3 scrolls of poison
 r - a scroll of revelation
 t - a scroll of immolation
 v - 2 scrolls of fear
Potions
 b - a potion of magic
 h - 2 potions of resistance
 i - 3 potions of enlightenment
 j - 4 potions of attraction
 k - 2 potions of lignification
 l - a potion of mutation {unknown}
 n - a potion of cancellation {unknown}
 o - 2 potions of degeneration {unknown}
 p - 3 potions of brilliance
 q - 6 potions of curing
 u - a potion of haste {unknown}
 w - 2 potions of berserk rage {unknown}
 x - a potion of might {unknown}
 F - a potion of heal wounds {unknown}


   Skills:
 + Level 0.3 Fighting
 + Level 0.4 Staves
 + Level 3.3 Dodging
 - Level 2.6 Stealth
 + Level 12.2 Spellcasting
 + Level 6.3 Conjurations
 + Level 10.2 Fire Magic


You had 22 spell levels left.
You knew the following spells:

 Your Spells              Type           Power      Damage    Failure   Level
a - Foxfire               Conj/Fire      100%       2x1d9     1%          1
b - Scorch                Fire           100%       2d9       1%          2
c - Flame Wave            Conj/Fire      71%        2d16      1%          4
d - Magic Dart            Conj           100%       1d8       1%          1
e - Sting                 Conj/Alch      100%       1d9       1%          1
f - Sandblast             Erth           30%        2d9       4%          1

Your spell library contained the following spells:

 Spells                   Type           Power      Damage    Failure   Level
 Inner Flame              Hex/Fire       57%        N/A       1%          3
 Volatile Blastmotes      Fire/Tloc      100%       2d18      1%          3
 Hailstorm                Conj/Ice       31%        3d8       3%          3
 Freeze                   Ice            60%        1d7       4%          1
 Blink                    Tloc           30%        N/A       6%          2
 Call Imp                 Summ           30%        N/A       6%          2
 Frozen Ramparts          Ice            30%        1d5       12%         3


Dungeon Overview and Level Annotations

Branches:
Dungeon (8/15)             Temple (1/1) D:4         Ossuary (visited)
   Lair: D:8-11

Altars:
Ashenzari
Fedhas
Gozag
Hepliaklqana
Kikubaaqudgha
Makhleb
Nemelex Xobeh
Okawaru
Qazlal
Ru
Sif Muna
Trog
Uskayaw
Vehumet
Wu Jian
Xom
Yredelemnul

Shops:
D:3 :

Annotations:
D:3 3 runed translucent doors, Tanttac's ghost, amateur DrBe
D:4 3 runed translucent doors, mopl's ghost, amateur MfFi


Message History

Your foxfire completely resists. (Press . to intensify the flame waves.)
You feel sick.
The foxfire hits the wight but does no damage.
The foxfire hits the wight.
The wight is moderately damaged.
The wight hits you from afar with a +0 halberd of protection!
You feel drained.
Your life force feels restored.
A wave of flame ripples out!
The flame wave engulfs the wight.
The wight is heavily damaged.
You feel sick. The wight barely misses you.
Unknown command.
A wave of flame ripples out!
The flame wave engulfs the wight.
The wight is lightly damaged.
The flame wave engulfs the wight but does no damage.
The wight is heavily damaged.
You finish channelling waves of flame.
You feel sick. The wight barely misses you.
Casting: Flame Wave (dangerous; 1% risk of failure)
Confirm with . or Enter, or press ? or * to list all spells.
Casting: Flame Wave (dangerous; 1% risk of failure)
Press: ? - help, Dir - look around, f - activate You feel a surge of power!
A wave of flame ripples out!
The flame wave engulfs the wight!
The wight is severely damaged. (Press . to intensify the flame waves.)
You feel sick.
You are no longer poisoned.
The wight hits you with a +0 great sword!
* * * LOW HITPOINT WARNING * * *
The wight hits you from afar with a +0 halberd of protection.
* * * LOW HITPOINT WARNING * * *
A wave of flame ripples out!
The flame wave engulfs the wight!!
You destroy the wight!
Vehumet accepts your kill.
The flame wave engulfs the wight but does no damage.
The wight is heavily damaged.
The wight hits you from afar with a +0 halberd of protection.
You die...

....##.....
..........
..........
.......).
.........
.......z####
.......)#..#
#.@...#
#.<.#....#
#.[.# ..#
#...# .
#.... ..##..
..< #>. ###
###


You could see a wight.

Vanquished Creatures
  A troll (D:7)
  Grinder (D:3)
  Prince Ribbit (D:6)
  Sigmund (D:4)
  A water moccasin (D:8)
  2 sky beasts
  An orc warrior (D:7)
  2 black bears
  4 ogres
  2 centaurs
  A phantom (D:5)
  A weeping skull (Ossuary)
  2 kobold brigands
  2 bullfrogs (D:7)
  4 scorpions
  8 wights
  2 burial acolytes (Ossuary)
  A bombardier beetle (D:3)
  2 centaur zombies (Ossuary)
  A hound (D:7)
  A jelly (D:6)
  An iguana (D:5)
  A sleepcap (D:7)
  5 orc wizards
  4 hound zombies (Ossuary)
  2 mummies (Ossuary)
  4 gnolls
  8 adders
  2 white imps (D:7)
  2 ufetubi (D:6)
  10 ribbon worms
  2 dart slugs (D:3)
  13 orcs
  9 ball pythons
  4 endoplasms
  2 giant cockroaches (D:1)
  6 goblins
  9 hobgoblins
  4 jackals (D:2)
  12 kobolds
  4 bats
  3 frilled lizards
  3 gnoll zombies (Ossuary)
  4 orc zombies (Ossuary)
  6 rats
161 creatures vanquished.

Vanquished Creatures (others)
  501 foxfires
501 creatures vanquished.

Grand Total: 662 creatures vanquished

Notes
Turn   | Place    | Note
-------+----------+-------------------------------------------
     0 | D:1      | funkygono the Deep Elf Fire Elementalist began the quest
                  | for the Orb.
     0 | D:1      | Reached XP level 1. HP: 10/10 MP: 6/6
   259 | D:1      | Reached XP level 2. HP: 15/15 MP: 1/8
   380 | D:1      | Learned a level 2 spell: Scorch
   970 | D:2      | Reached XP level 3. HP: 19/19 MP: 1/9
  1162 | D:2      | Found an iron altar of Okawaru.
  1281 | D:2      | Identified the +3 shortbow "Xoecih" {freeze, rElec rF+ rN+
                  | Will-}
  1988 | D:3      | Found Veffen's Book Shop.
  2060 | D:3      | Reached skill level 4 in Spellcasting
  2060 | D:3      | Reached XP level 4. HP: 24/24 MP: 4/12
  2153 | D:3      | Noticed Grinder
  2161 | D:3      | Killed Grinder
  2162 | D:3      | Reached skill level 5 in Spellcasting
  2162 | D:3      | Reached skill level 5 in Fire Magic
  2162 | D:3      | Reached XP level 5. HP: 28/28 MP: 4/15
  2162 | D:3      | Reached XP level 6. HP: 32/32 MP: 4/16
  2307 | D:3      | Found a runed translucent gate.
  2308 | D:3      | Found a runed translucent gate.
  2308 | D:3      | Found a runed translucent gate.
  2309 | D:3      | Noticed Tanttac's ghost (amateur DrBe)
  2342 | D:3      | Found Lytatt's Armour Shoppe.
  2633 | D:3      | Learned a level 4 spell: Flame Wave
  2635 | D:3      | Learned a level 1 spell: Magic Dart
  2803 | D:4      | Found a runed translucent gate.
  2804 | D:4      | Found a runed translucent gate.
  2804 | D:4      | Found an opulent altar of Gozag.
  2805 | D:4      | Found a runed translucent gate.
  2807 | D:4      | Noticed mopl's ghost (amateur MfFi)
  2808 | D:4      | Noticed a steam dragon
  2980 | D:4      | Reached skill level 6 in Spellcasting
  3075 | D:4      | Found a staircase to the Ecumenical Temple.
  3090 | D:4      | Noticed Sigmund
  3095 | D:4      | Killed Sigmund
  3096 | D:4      | Reached XP level 7. HP: 36/36 MP: 9/18
  3103 | Temple   | Entered the Ecumenical Temple
  3164 | Temple   | Became a worshipper of Vehumet
  3283 | D:4      | Found a bloodstained altar of Trog.
  3489 | D:4      | Found an ornate altar of the Wu Jian Council.
  3702 | D:5      | Entered Level 5 of the Dungeon
  3819 | D:5      | Reached skill level 7 in Spellcasting
  3887 | D:5      | Found a sand-covered staircase.
  3896 | Ossuary  | Entered an ossuary
  4515 | Ossuary  | Reached skill level 8 in Spellcasting
  4582 | Ossuary  | Reached XP level 8. HP: 28/41 MP: 16/22
  4780 | D:5      | Reached * piety under Vehumet
  4780 | D:5      | Offered knowledge of Sting by Vehumet.
  5086 | D:5      | Found a stormy altar of Qazlal.
  5086 | D:5      | Found an opulent altar of Gozag.
  5096 | D:5      | Reached skill level 9 in Spellcasting
  5193 | D:5      | Found a shimmering blue altar of Sif Muna.
  5578 | D:5      | Learned a level 1 spell: Sting
  5959 | D:6      | Noticed Prince Ribbit
  5964 | D:6      | Killed Prince Ribbit
  6221 | D:6      | Found an ancient bone altar of Kikubaaqudgha.
  6221 | D:6      | Found a sparkling altar of Nemelex Xobeh.
  6239 | D:6      | Reached skill level 10 in Spellcasting
  6429 | D:6      | Reached XP level 9. HP: 41/45 MP: 20/25
  6553 | D:6      | Reached skill level 5 in Conjurations
  6602 | D:6      | Found a broken altar of Ashenzari.
  6900 | D:7      | Reached skill level 11 in Spellcasting
  6950 | D:7      | Noticed a troll
  6956 | D:7      | Killed a troll
  7004 | D:7      | Offered knowledge of Sandblast by Vehumet.
  7010 | D:7      | Reached ** piety under Vehumet
  7134 | D:7      | Reached skill level 12 in Spellcasting
  7582 | D:7      | Reached skill level 10 in Fire Magic
  7835 | D:7      | Learned a level 1 spell: Sandblast
  8003 | D:8      | Slain by a wight

Illustrated notes

Levels and vault maps discovered:
D:1:      giann_wishing_wells, layout_rooms, shapermc_ecumenical_altar_petra,
          dk_noncrumbling_2
D:2:      layout_loops_ring, basic_altar, kennysheep_generic_room_13
D:3:      layout_basic, serial_shops, shop, shop, ebering_ghost_rock_garden,
          uniq_grinder
D:4:      layout_basic, mainiacjoe_overflow_paths, lemuel_round_altar,
          minmay_temple_entry_waves, ebering_ghost_gozag,
          hangedman_minor_gate_pass, uniq_sigmund
D:5:      layout_basic, mainiacjoe_overflow_large_starburst,
          nicolae_sif_muna_condensation, mainiacjoe_ossuary_entry_dusty_tomb,
          nicolae_wormholes
D:6:      layout_loops_corners, chequers_temple_overflow_statue_of_worship,
          cheibrodos_ashenzari_chains, uniq_prince_ribbit1
D:7:      wander_river, layout_basic
D:8:      layout_cave_pools, good_gods_mini_temple,
          nicolae_dithmenos_through_a_glass_darkly, uniq_maggie
Temple:   nicolae_temple_figure_zero

Skill      XL: |  1  2  3  4  5  6  7  8  9 |
---------------+----------------------------+-----
Fire Magic     | 4 5 6 7 8 10 | 10.2
Spellcasting   | 4 5 6 8 10 12 | 12.2
Conjurations   | 2 3 4 6 |  6.3
Dodging        | 3 |  3.3
Fighting       | |  0.3
Staves         | |  0.4
Stealth        | |  2.6

Action                     |  1- 3 |  4- 6 |  7- 9 || total
---------------------------+-------+-------+-------++-------
  Melee: Staff             |     1 |       |     5 ||     6
   Cast: Foxfire           |    62 |    34 |   195 ||   291
         Scorch            |    11 |    11 |    66 ||    88
         Flame Wave        |       |       |     5 ||     5
    Use: Scroll            |     7 |     2 |    11 ||    20
 Armour: Robe              |     2 |     4 |    54 ||    60
  Dodge: Dodged            |     6 |     2 |    50 ||    58

Table legend: (Time is in decaauts)
 A = Elapsed time spent in this place.
 B = Non-inter-level travel time spent in this place.
 C = Inter-level travel time spent in this place.
 D = Time resting spent in this place.
 E = Time spent auto-exploring this place.
 F = Levels seen in this place.
 G = Mean time per level.
                   A        B        C        D        E       F      G
               +--------+--------+--------+--------+--------+-----+--------+
         Total |   8007 |   7750 |    257 |    293 |   6321 |  10 |  800.7 |
       Dungeon |   7095 |   6848 |    247 |    205 |   5668 |   8 |  886.9 |
        Temple |     70 |     61 |      9 |      0 |     50 |   1 |   70.0 |
       Ossuary |    840 |    840 |      0 |     88 |    603 |   1 |  840.0 |
               +--------+--------+--------+--------+--------+-----+--------+

Top non-repeatable levels by time:
     D:6: 1225 daAuts
     D:7: 1125 daAuts
     D:5: 1074 daAuts
     D:2: 1046 daAuts
     D:4: 978 daAuts
     D:1: 854 daAuts
 Ossuary: 840 daAuts
     D:3: 750 daAuts
  Temple: 70 daAuts
     D:8: 40 daAuts
